 Dungeon Crawl Stone Soup version 0.28-a0-1638-g9123634e07 (webtiles) character file.

Game seed: 11836001840520648017

187952 gimp the Markstengu (level 18, -2/105 HPs)
             Began as a Tengu Wanderer on Jan 25, 2022.
             Was the Champion of Okawaru.
             Killed by an exploding bloated husk (27 damage)
             ... on level 1 of the Swamp.
             The game lasted 01:03:23 (35333 turns).

gimp the Markstengu (Tengu Wanderer)               Turns: 35333, Time: 01:03:24

Health: -2/105     AC: 21    Str: 29    XL:     18   Next: 8%
Magic:  28/28      EV: 17    Int:  7    God:    Okawaru [******]
Gold:   158        SH:  5    Dex: 26    Spells: 17/17 levels left

rFire   . . .      SeeInvis +   a - +11 longbow of Xoll {freeze, Str+4 Int+2}
rCold   + . .      Faith    .   (shield currently unavailable)
rNeg    + + .      Spirit   .   F - +2 chain mail {rPois}
rPois   +          Reflect  +   O - +0 hat {SInv}
rElec   +          Harm     .   X - +1 cloak {rC+}
rCorr   +          Rampage  .   S - +2 pair of gloves
Will    +....                   (boots unavailable)
Stlth   ..........              K - amulet of the Fool {Reflect rElec rN++ Int-5 Dex+8 SH+5}
HPRegen 0.27/turn               y - ring of resist corrosion
MPRegen 0.21/turn               N - +6 ring of strength

@: flying quickly and evasively, quick
A: beak, talons 3, nimble flight
}: 1/15 runes: serpentine
a: Renounce Religion, Heroism, Finesse, Duel


You were on level 1 of the Swamp.
You worshipped Okawaru.
Okawaru was exalted by your worship.
You visited 6 branches of the dungeon, and saw 29 of its levels.
You also visited: Bailey and Ice Cave.

You collected 4078 gold pieces.
You spent 3920 gold pieces at shops.

Inventory:

Hand Weapons
 a - the +11 longbow of Xoll (weapon) {freeze, Str+4 Int+2}
   (Okawaru gifted it to you in an ice cave)

   Any ammunition fired from it freezes those it strikes, dealing additional
   cold damage.
   It can also slow down cold-blooded creatures.
   Str:       It affects your strength (+4).
   Int:       It affects your intelligence (+2).
 b - the +11 double sword of the Ass {flame, rC+++ Str+4 Dex-3 Stlth+}
   (You bought it in a shop on level 3 of the Snake Pit)

   It burns those it strikes, dealing additional fire damage.
   Big, fiery blades are also staple armaments of hydra-hunters.
   Str:       It affects your strength (+4).
   Dex:       It affects your dexterity (-3).
   rC:        It renders you almost immune to cold.
   Stlth:     It makes you more stealthy.
 s - a +4 scimitar of flaming
 B - a +0 triple sword of electrocution
 U - a +5 vorpal longbow
Missiles
 j - 729 arrows (quivered ammo)
 l - 46 poisoned darts
 D - 13 curare-tipped darts
Armour
 F - a +2 chain mail of poison resistance (worn)
 O - a +0 hat of see invisible (worn)
 R - the +5 plate armour "Dah Toz" {rElec rF+}
   (You found it on level 2 of the Snake Pit)

   rF:        It protects you from fire.
   rElec:     It insulates you from electricity.
 S - a +2 pair of gloves (worn)
 X - a +1 cloak of cold resistance (worn)
Jewellery
 m - a +4 ring of protection
 q - a ring of see invisible
 u - a ring of willpower
 y - a ring of resist corrosion (left hand)
 K - the amulet of the Fool (around neck) {Reflect rElec rN++ Int-5 Dex+8 SH+5}
   (You acquired it on level 12 of the Dungeon)

   [amulet of reflection]

   It reflects blocked missile attacks.
   Int:       It affects your intelligence (-5).
   Dex:       It affects your dexterity (+8).
   rElec:     It insulates you from electricity.
   rN:        It greatly protects you from negative energy.
   SH:        It affects your SH (+5).
 N - a +6 ring of strength (right hand)
 W - a ring of protection from cold
Wands
 r - a wand of acid (8)
 t - a wand of digging (11)
 w - a wand of iceblast (8)
 z - a wand of polymorph (3)
 J - a wand of paralysis (15)
 L - a wand of mindburst (10)
 M - a wand of flame (13)
Scrolls
 f - 4 scrolls of blinking
 g - 15 scrolls of teleportation
 k - 4 scrolls of enchant armour
 n - 2 scrolls of fog
 x - 2 scrolls of fear
 G - 7 scrolls of enchant weapon
 I - 2 scrolls of magic mapping
 P - 3 scrolls of silence
Potions
 c - 14 potions of curing
 e - 3 potions of brilliance
 h - 7 potions of mutation
 i - 11 potions of heal wounds
 o - 3 potions of cancellation
 v - 7 potions of might
 A - 2 potions of ambrosia
 C - 2 potions of resistance
 E - a potion of magic
 H - 2 potions of haste
 Q - a potion of berserk rage
Miscellaneous
 d - a lightning rod (4/4)
 p - a phial of floods
 T - a phantom mirror


   Skills:
 - Level 9.0 Fighting
 + Level 10.6 Long Blades
 - Level 2.0(2.1) Slings
 - Level 20.0 Bows
 - Level 1.0(1.6) Throwing
 - Level 15.0 Armour
 + Level 6.6 Dodging
 - Level 1.0 Stealth
 - Level 13.0 Invocations
 + Level 12.7 Evocations


You had 17 spell levels left.
You didn't know any spells.
Your spell library contained the following spells:

 Spells                   Type           Power      Damage    Failure   Level
 Beastly Appendage        Tmut           0%         N/A       83%         1
 Sandblast                Erth           0%         2d4       83%         1
 Slow                     Hex            0%         N/A       83%         1
 Corpse Rot               Necr/Air       0%         N/A       93%         2
 Passwall                 Tmut/Erth      0%         N/A       93%         2
 Poisonous Vapours        Pois/Air       0%         N/A       93%         2
 Sublimation of Blood     Necr           0%         N/A       93%         2
 Wereblood                Tmut           0%         N/A       93%         2
 Confusing Touch          Hex            0%         N/A       99%         3
 Dazzling Flash           Conj/Hex       0%         N/A       99%         3
 Gell's Gravitas          Tloc           0%         N/A       99%         3
 Ignite Poison            Fire/Tmut/Pois 0%         N/A       99%         3
 Inner Flame              Hex/Fire       0%         N/A       99%         3
 Lesser Beckoning         Tloc           0%         N/A       99%         3
 Mephitic Cloud           Conj/Pois/Air  0%         N/A       99%         3
 Spider Form              Tmut/Pois      0%         N/A       99%         3
 Stone Arrow              Conj/Erth      0%         3d7       99%         3
 Teleport Other           Tloc           0%         N/A       99%         3
 Vampiric Draining        Necr           0%         2d6       99%         3
 Airstrike                Air            0%         N/A       100%        4
 Cause Fear               Hex            0%         N/A       100%        4
 Dispel Undead            Necr           0%         3d6       100%        4
 Agony                    Necr           0%         N/A       100%        5
 Alistair's Intoxication  Tmut/Pois      0%         N/A       100%        5
 Borgnjor's Vile Clutch   Necr/Erth      0%         N/A       100%        5
 Freezing Cloud           Conj/Ice/Air   0%         6-21      100%        5
 Lightning Bolt           Conj/Air       0%         1d11      100%        5
 Silence                  Hex/Air        0%         N/A       100%        5
 Eringya's Noxious Bog    Tmut/Pois      0%         N/A       100%        6
 Discord                  Hex            0%         N/A       100%        8
 Polar Vortex             Ice            0%         N/A       100%        9
 Summon Lightning Spire   Summ/Air       Unusable   N/A       N/A         4
 Death Channel            Necr           Unusable   N/A       N/A         6
 Simulacrum               Ice/Necr       Unusable   N/A       N/A         6
 Summon Hydra             Summ           Unusable   N/A       N/A         7

Dungeon Overview and Level Annotations

Branches:
Dungeon (15/15)            Temple (1/1) D:6            Lair (6/6) D:11
  Swamp (1/4) Lair:3        Snake (4/4) Lair:2        Slime (0/5) Lair:6
    Orc (2/2) D:11            Elf (0/3) Orc:2        Vaults (0/5) D:14
 Depths (0/4) D:15         Bailey (visited)           IceCv (visited)

Altars:
Ashenzari
Cheibriados
Dithmenos
Elyvilon
Fedhas
Gozag
Hepliaklqana
Kikubaaqudgha
Makhleb
Nemelex Xobeh
Okawaru
Qazlal
Ru
Sif Muna
Trog
Uskayaw
Vehumet
Wu Jian
Xom
Yredelemnul
Zin
The Shining One
Beogh
Jiyva

Shops:
D:11 ([   D:12 *   Orc:2 [*[!*   Snake:3 ((   Snake:4 !

Annotations:
Lair:5 exclusion: oklob plant


Innate Abilities, Weirdness & Mutations

You have a beak for a mouth.
You have claws for feet.
Your magical nature lets you fly swiftly and evasively.


Message History

You are too injured to fight recklessly!
Fire: 732 arrows
Press: ? - help, Q - select action, (/) - cycle Shift-Dir - straight line, f/p - thorn hunter
Aim: a thorn hunter (severely damaged, 81% to hit)
You shoot an arrow. The arrow hits the thorn hunter!
The arrow freezes the thorn hunter.
The thorn hunter is almost destroyed.
You hear a splash.
The swamp worm fires a harpoon shot at you.
The harpoon shot hits you but does no damage.
The will-o-the-wisp gestures.
The will-o-the-wisp conjures some foxfire! 2 foxfires come into view.
Fire: 731 arrows
Press: ? - help, Q - select action, (/) - cycle Shift-Dir - straight line, f/p - thorn hunter
Aim: a thorn hunter (almost destroyed, 81% to hit)
You shoot an arrow. The arrow hits the thorn hunter!
The arrow freezes the thorn hunter.
You destroy the thorn hunter!
Okawaru accepts your kill.
The swamp worm fires a harpoon shot at you.
The harpoon shot misses you.
Fire: 730 arrows
Press: ? - help, Q - select action, (/) - cycle Shift-Dir - straight line, f - seven-headed hydra
Aim: a seven-headed hydra (severely wounded, 88% to hit)
You shoot an arrow. The arrow hits the seven-headed hydra!!
The arrow freezes the seven-headed hydra.
You kill the seven-headed hydra!
Okawaru accepts your kill. The foxfire hits you!!
* * * LOW HITPOINT WARNING * * *
You take 21 damage, and have 22/105 hp.
Blink to where?
Press: ? - help, Dir - move target
As you read the scroll of blinking, it crumbles to dust.
You see here a goliath frog corpse.
A bloated husk comes into view.
The bloated husk explodes!
The blast of putrescent gases engulfs you!!
You die...

♣♣.♣.§.♣♣ #♣♣♣.♣.♣≈≈♣
♣.§♣ #.♣♣.....♣♣
♣.♣).≈ #..♣♣.≈.♣♣
♣.♣.≈≈ #...♣.≈.♣
♣≈§... #.......♣
♣.≈.≈###### ######†#♣
♣♣≈≈≈##.##.####.####.♣
♣.≈≈≈..<@....#^...♣≈.♣
♣♣.≈≈.≈.....##[.....≈♣
♣≈≈≈.♣.....##...≈.≈≈♣
♣♣.≈≈.≈...≈..#...§♣..♣
♣≈.≈≈≈≈.♣.≈.#.≈.≈♣♣≈♣♣
♣♣≈.≈.≈≈.♣♣♣.##≈..♣♣≈♣
♣...♣...♣♣ ♣♣♣#♣≈♣♣♣^♣
♣♣.♣♣..♣♣ ♣♣♣ ♣♣♣
♣♣♣♣♣♣♣


There were no monsters in sight!

Vanquished Creatures
  Saint Roka (Snake:3)
  Rupert (D:12)
  Gastronok (Lair:2)
  A thorn hunter (Swamp:1)
  Donald (Snake:1)
  16 nagarajas
  A reaper (IceCv)
  A stone giant (D:15)
  Azrael (D:12)
  Josephine (D:13)
  A fire dragon (Lair:6)
  Fannar (D:10)
  A catoblepas (Lair:3)
  3 salamander tyrants (Snake:4)
  12 naga warriors
  9 hydras
  An ice dragon (D:14)
  A boulder beetle (D:15)
  6 centaur warriors
  A death knight (D:13)
  5 anacondas
  A two-headed ogre (D:9)
  An alligator (Swamp:1)
  4 death yaks (Lair:5)
  6 shock serpents
  9 naga sharpshooters
  2 orc high priests
  Sonja (D:12)
  A fire crab (Lair:6)
  3 goliath frogs
  2 salamander mystics
  A skeletal warrior (D:13)
  10 orc knights
  A swamp dragon (Lair:3)
  7 naga ritualists
  A phantasmal warrior (D:13)
  2 lindwurms
  Pikel (D:6)
  An orc sorcerer (D:11)
  A wizard (D:13)
  21 ugly things
  7 cyclopes
  11 mana vipers
  A manticore (D:12)
  14 salamanders
  4 guardian serpents
  2 centaur zombies (D:11)
  25 black mambas
  6 elephants
  Maurice (D:12)
  A black mamba (shapeshifter) (D:13)
  An ice statue (IceCv)
  17 naga magi
  3 molten gargoyles (Lair:6)
  11 cane toads
  A gargoyle (D:12)
  3 kobold demonologists
  5 rime drakes
  3 freezing wraiths
  11 komodo dragons
  An anaconda simulacrum (IceCv)
  An ice devil (IceCv)
  2 tyrant leeches (Swamp:1)
  5 trolls
  13 slime creatures
  A bloated husk (Swamp:1)
  8 blink frogs
  10 dream sheep (Lair:6)
  2 water elementals (D:14)
  3 dire elephant simulacra (IceCv)
  41 yaks
  6 wyverns
  6 wraiths
  2 fire elementals (D:12)
  15 vampire mosquitoes
  5 basilisks
  2 death yak simulacra (IceCv)
  5 steam dragons
  2 harpy simulacra (IceCv)
  43 nagas
  5 wargs (Orc:2)
  An acid dragon (D:13)
  18 water moccasins
  6 hell hounds
  61 orc warriors
  An ice beast (D:7)
  3 black bears
  10 ogres
  11 centaurs
  23 wolves
  A phantom (D:6)
  3 lemures (D:6)
  7 kobold brigands (D:8)
  4 two-headed ogre simulacra (IceCv)
  A gnoll sergeant (D:12)
  2 scorpions
  7 bullfrogs
  A water moccasin skeleton (D:6)
  3 elephant simulacra (IceCv)
  5 killer bees
  3 wights (D:8)
  2 howler monkeys
  6 electric eels
  5 lava snakes (Lair:6)
  A bullfrog zombie (D:6)
  A bullfrog skeleton (D:4)
  5 hounds
  A centaur skeleton (D:5)
  3 jellies (D:6)
  21 orc priests
  An iron imp (D:10)
  Jessica (D:2)
  Ijyb (D:5)
  4 hell rats (Lair:5)
  2 iguanas
  26 orc wizards
  2 polar bear simulacra (IceCv)
  2 troll simulacra (IceCv)
  10 spriggan simulacra (IceCv)
  A wolf simulacrum (IceCv)
  A mummy (D:6)
  14 gnolls
  6 adders
  8 naga simulacra (IceCv)
  16 white imps
  9 ufetubi
  7 dart slugs
  95 orcs
  A bat zombie (D:3)
  6 endoplasms
  3 giant cockroaches
  8 goblins
  17 hobgoblins
  A hobgoblin (shapeshifter) (D:15)
  6 jackals (D:1)
  5 quokkas
  7 ball pythons
  7 bats
  2 frilled lizards
  3 hobgoblin zombies (D:6)
  A jackal skeleton (D:4)
  16 kobolds
  2 rats (D:2)
  A rat zombie (D:3)
955 creatures vanquished.

Vanquished Creatures (others)
  A bloated husk (Swamp:1)
  2 foxfires (Swamp:1)
  6 fungi
  8 plants
17 creatures vanquished.

Grand Total: 972 creatures vanquished

Notes
Turn   | Place    | Note
-------+----------+-------------------------------------------
     0 | D:1      | gimp the Tengu Wanderer began the quest for the Orb.
     0 | D:1      | gimp set off with the following items: a +0 vorpal
                  | shortbow, 24 arrows, a +0 hunting sling, 21 sling bullets,
                  | a +0 hat, a +0 leather armour
     0 | D:1      | Reached XP level 1. HP: 10/10 MP: 2/2
    42 | D:1      | Reached skill level 1 in Fighting
   272 | D:1      | Reached XP level 2. HP: 16/16 MP: 3/3
   404 | D:1      | Reached XP level 3. HP: 22/22 MP: 4/4
   696 | D:1      | Found a faded altar of an unknown god.
  1090 | D:2      | Noticed Jessica
  1097 | D:2      | Killed Jessica
  1098 | D:2      | Reached XP level 4. HP: 24/29 MP: 5/5
  1298 | D:2      | Found a sacrificial altar of Ru.
  1309 | D:2      | Identified the +5 spear "Caos" {flame, Int+7}
  1647 | D:3      | Noticed a water moccasin
  1661 | D:3      | Killed a water moccasin
  1662 | D:3      | Reached skill level 5 in Fighting
  1662 | D:3      | Gained mutation: Your magical nature lets you fly swiftly
                  | and evasively. [Tengu growth]
  1662 | D:3      | Reached XP level 5. HP: 22/35 MP: 6/6
  2286 | D:3      | Found an ancient bone altar of Kikubaaqudgha.
  2376 | D:4      | Noticed an ogre
  2438 | D:4      | Found a stormy altar of Qazlal.
  2488 | D:4      | Reached XP level 6. HP: 37/40 MP: 7/7
  2578 | D:4      | Reached skill level 6 in Bows
  2838 | D:4      | Reached XP level 7. HP: 40/46 MP: 8/8
  3097 | D:5      | Entered Level 5 of the Dungeon
  3130 | D:5      | Noticed Ijyb
  3141 | D:5      | Killed Ijyb
  3221 | D:5      | Reached skill level 7 in Bows
  3524 | D:5      | Noticed a steam dragon
  3535 | D:5      | Killed a steam dragon
  3772 | D:5      | Reached skill level 8 in Bows
  3772 | D:5      | Reached XP level 8. HP: 53/53 MP: 9/9
  3812 | D:5      | Found a glowing golden altar of the Shining One.
  4243 | D:6      | Identified a scroll of acquirement
  4243 | D:6      | Acquired a +0 vorpal longbow
  4494 | D:6      | Reached skill level 9 in Bows
  4563 | D:6      | Found a staircase to the Ecumenical Temple.
  4586 | Temple   | Entered the Ecumenical Temple
  4803 | Temple   | Became a worshipper of Warmaster Okawaru
  5151 | D:6      | Reached skill level 1 in Invocations
  5222 | D:6      | Noticed Pikel
  5237 | D:6      | Killed Pikel
  5237 | D:6      | Reached * piety under Okawaru
  5238 | D:6      | Reached skill level 10 in Bows
  5238 | D:6      | Reached XP level 9. HP: 23/57 MP: 9/12
  6091 | D:7      | Reached skill level 11 in Bows
  6358 | D:7      | Found a radiant altar of Vehumet.
  6361 | D:7      | Found a hide-covered altar of Uskayaw.
  7222 | D:8      | Reached ** piety under Okawaru
  7823 | D:8      | Reached skill level 12 in Bows
  7983 | D:8      | Reached XP level 10. HP: 41/63 MP: 14/14
  8237 | D:8      | Noticed a kobold demonologist
  8244 | D:8      | Reached skill level 5 in Invocations
  8245 | D:8      | Killed a kobold demonologist
  8245 | D:8      | Reached *** piety under Okawaru
  8249 | D:8      | Reached skill level 13 in Bows
  8816 | D:9      | Noticed a two-headed ogre
  8821 | D:9      | Killed a two-headed ogre
  8821 | D:9      | Reached **** piety under Okawaru
  8822 | D:9      | Found a flagged portal.
  8828 | D:9      | Identified the +7 hand axe of Inekkyehi {chaos, rF- Int+7
                  | Stlth+}
  8831 | Bailey   | Entered a bailey
  9057 | Bailey   | Noticed a kobold demonologist
  9068 | Bailey   | Killed a kobold demonologist
  9087 | Bailey   | Noticed an orc knight
  9147 | Bailey   | Killed an orc knight
  9147 | Bailey   | Received a gift from Okawaru
  9148 | Bailey   | Reached skill level 14 in Bows
  9445 | Bailey   | Acquired 1079 gold pieces
  9459 | Bailey   | Noticed an orc knight
 10100 | Bailey   | Found an iron altar of Okawaru.
 10101 | Bailey   | Noticed a kobold demonologist
 10115 | Bailey   | Noticed an orange demon
 10116 | Bailey   | Killed a kobold demonologist
 10132 | Bailey   | Killed an orc knight
 10132 | Bailey   | Reached ***** piety under Okawaru
 10133 | Bailey   | Reached XP level 11. HP: 59/67 MP: 17/17
 10212 | Bailey   | Reached skill level 5 in Dodging
 10212 | Bailey   | Reached XP level 12. HP: 72/72 MP: 18/18
 10711 | D:10     | Entered Level 10 of the Dungeon
 10715 | D:10     | Reached skill level 15 in Bows
 10930 | D:10     | You are sucked into a shaft and drop 2 floors!
 10953 | D:11     | Found an ornate altar of the Wu Jian Council.
 11093 | D:10     | Noticed Fannar
 11490 | D:10     | Received a gift from Okawaru
 11683 | D:10     | Killed Fannar
 11683 | D:10     | Received a gift from Okawaru
 11839 | D:10     | Found a snail-covered altar of Cheibriados.
 11982 | D:11     | Noticed a four-headed hydra
 12000 | D:11     | Found Vankycav's Armour Boutique.
 12308 | D:11     | Found Plog's Weapon Boutique.
 12310 | D:11     | Found a staircase to the Orcish Mines.
 12323 | D:11     | Killed a four-headed hydra
 12498 | D:11     | Received a gift from Okawaru
 12499 | D:11     | Reached skill level 16 in Bows
 12531 | D:11     | Found a staircase to the Lair.
 12612 | D:11     | Noticed a six-headed hydra
 12618 | D:11     | Killed a six-headed hydra
 12674 | D:11     | Received a gift from Okawaru
 12952 | D:12     | Noticed Maurice
 12958 | D:12     | Killed Maurice
 13096 | D:12     | Noticed Sonja
 13105 | D:12     | Killed Sonja
 13105 | D:12     | Received a gift from Okawaru
 13127 | D:12     | Noticed Azrael
 13136 | D:12     | Killed Azrael
 13163 | D:12     | Reached skill level 17 in Bows
 13163 | D:12     | Reached XP level 13. HP: 76/76 MP: 20/20
 13457 | D:12     | Noticed Rupert
 13468 | D:12     | Killed Rupert
 13859 | D:12     | Found Funagg's Assorted Antiques.
 13895 | D:12     | Bought a scroll of acquirement for 1560 gold pieces
 13896 | D:12     | Acquired the amulet of the Fool {Reflect rElec rN++ Int-5
                  | Dex+8 SH+5}
 14123 | D:12     | Received a gift from Okawaru
 14765 | D:13     | Received a gift from Okawaru
 14766 | D:13     | Reached skill level 18 in Bows
 15271 | D:13     | Noticed Josephine
 15391 | D:13     | Received a gift from Okawaru
 15817 | D:13     | Reached skill level 10 in Invocations
 16088 | D:13     | Killed Josephine
 16636 | Lair:1   | Entered Level 1 of the Lair of Beasts
 17597 | Lair:2   | Noticed Gastronok
 17612 | Lair:2   | Killed Gastronok
 17710 | Lair:2   | Reached skill level 19 in Bows
 17726 | Lair:2   | Reached ****** piety under Okawaru
 17886 | Lair:2   | Received a gift from Okawaru
 17998 | Lair:2   | Received a gift from Okawaru
 18002 | Lair:2   | Found a staircase to the Snake Pit.
 18116 | Lair:2   | Reached XP level 14. HP: 57/82 MP: 22/22
 18282 | Lair:2   | You are sucked into a shaft and drop 1 floor!
 19812 | Lair:3   | Found a staircase to the Swamp.
 19898 | Lair:3   | Reached skill level 20 in Bows
 20157 | Lair:4   | Found a shimmering altar of Xom.
 20332 | Lair:4   | Reached skill level 1 in Evocations
 20856 | Lair:5   | Found a blossoming altar of Fedhas.
 20992 | Lair:5   | Received a gift from Okawaru
 21872 | Lair:6   | Entered Level 6 of the Lair of Beasts
 21970 | Lair:6   | Identified the +0 robe "Ilotio" {MP+9 Slay+3} (Okawaru
                  | gifted it to you on level 6 of the Lair of Beasts)
 21970 | Lair:6   | Received a gift from Okawaru
 22142 | Lair:6   | Found a staircase to the Slime Pits.
 22143 | Lair:6   | Found a viscous altar of Jiyva.
 22359 | Lair:6   | Reached skill level 10 in Armour
 22532 | Lair:6   | Reached skill level 5 in Evocations
 22534 | Lair:6   | Reached XP level 15. HP: 86/86 MP: 25/25
 23086 | Lair:6   | Found a large runed translucent door.
 23088 | Lair:6   | Found a large runed translucent door.
 24025 | Orc:1    | Entered Level 1 of the Orcish Mines
 24621 | Orc:2    | Entered Level 2 of the Orcish Mines
 24621 | Orc:2    | Found Xiehuph's Antique Armour Shoppe.
 24639 | Orc:2    | Bought a pair of runed gloves for 270 gold pieces
 24659 | Orc:2    | Found a staircase to the Elven Halls.
 24757 | Orc:2    | Found a frozen archway.
 24826 | IceCv    | Entered an ice cave
 25027 | IceCv    | Received a gift from Okawaru
 25581 | IceCv    | Identified the +11 longbow of Xoll {freeze, Str+4 Int+2}
                  | (Okawaru gifted it to you in an ice cave)
 25581 | IceCv    | Received a gift from Okawaru
 26116 | Orc:2    | Found Girue's Distillery.
 26145 | Orc:2    | Bought 2 potions of curing for 90 gold pieces
 26145 | Orc:2    | Bought a potion of ambrosia for 120 gold pieces
 26149 | Orc:2    | Found Usounaf's General Store.
 26172 | Orc:2    | Bought a potion of curing for 39 gold pieces
 26172 | Orc:2    | Bought a lightning rod (4/4) for 390 gold pieces
 26172 | Orc:2    | Bought a potion of heal wounds for 65 gold pieces
 26374 | Orc:2    | Found Ycolal Edilu's Antique Armour Boutique.
 26408 | Orc:2    | Found Natseuc's General Store.
 26467 | Orc:2    | Bought a scroll of teleportation for 39 gold pieces
 26467 | Orc:2    | Bought a phial of floods for 520 gold pieces
 26476 | Orc:2    | Bought an ancient cloak for 247 gold pieces
 26476 | Orc:2    | Identified the +2 cloak "Uneuhapp" {Drain *Slow Str+8
                  | Dex+5} (You bought it in a shop on level 2 of the Orcish
                  | Mines)
 27148 | D:14     | Received a gift from Okawaru
 27362 | D:14     | Reached skill level 1 in Long Blades
 27501 | D:14     | Reached XP level 16. HP: 93/93 MP: 26/26
 27607 | D:14     | Received a gift from Okawaru
 28324 | D:14     | Found a gate to the Vaults.
 28447 | D:15     | Entered Level 15 of the Dungeon
 28905 | D:15     | Found a staircase to the Depths.
 29519 | Snake:1  | Entered Level 1 of the Snake Pit
 29617 | Snake:1  | Noticed Donald
 29627 | Snake:1  | Killed Donald
 29627 | Snake:1  | Received a gift from Okawaru
 30019 | Snake:1  | Reached skill level 5 in Long Blades
 30429 | Snake:2  | Found an ornate altar of the Wu Jian Council.
 30433 | Snake:2  | Received a gift from Okawaru
 30527 | Snake:2  | Noticed a nagaraja
 30535 | Snake:2  | Killed a nagaraja
 30535 | Snake:2  | Received a gift from Okawaru
 30538 | Snake:2  | Reached skill level 10 in Evocations
 30606 | Snake:2  | Received a gift from Okawaru
 31070 | Snake:2  | Received a gift from Okawaru
 31076 | Snake:2  | Found a shimmering blue altar of Sif Muna.
 31216 | Snake:2  | Identified the +5 plate armour "Dah Toz" {rElec rF+}
 31581 | Snake:3  | Noticed Saint Roka
 31874 | Snake:3  | Killed Saint Roka
 31874 | Snake:3  | Identified the +0 ring mail of Egic {Fly rPois Regen+
                  | Stlth+} (Okawaru gifted it to you on level 3 of the Snake
                  | Pit)
 31874 | Snake:3  | Received a gift from Okawaru
 31916 | Snake:3  | Found Xetuatui's Antique Weapon Shop.
 31918 | Snake:3  | Found Vymarim's Antique Weapon Boutique.
 32003 | Snake:3  | Reached XP level 17. HP: 80/100 MP: 27/27
 32640 | Snake:3  | Bought a transparent double sword for 580 gold pieces
 32640 | Snake:3  | Identified the +11 double sword of the Ass {flame, rC+++
                  | Str+4 Dex-3 Stlth+} (You bought it in a shop on level 3 of
                  | the Snake Pit)
 32874 | Snake:4  | Entered Level 4 of the Snake Pit
 33483 | Snake:4  | Received a gift from Okawaru
 33721 | Snake:4  | Got a serpentine rune of Zot
 34221 | Snake:4  | Reached skill level 10 in Long Blades
 34221 | Snake:4  | Reached skill level 15 in Armour
 34804 | Snake:4  | Found Ufuonidgh's Distillery.
 35148 | Swamp:1  | Entered Level 1 of the Swamp
 35158 | Lair:3   | Reached XP level 18. HP: 85/105 MP: 28/28
 35333 | Swamp:1  | Killed by an exploding bloated husk

Illustrated notes

Levels and vault maps discovered:
D:1:      nzn_arrival_settlement, layout_rooms, ebering_ecumenical_altar_hall,
          chequers_jeans, minmay_tripent
D:2:      layout_basic, basic_altar, uniq_jessica
D:3:      layout_basic, lemuel_zombie_altar_kikubaaqudgha, minmay_hedge_maze
D:4:      nicolae_cairo_tiling_large_dashed, layout_basic, grunt_qazlal_clouds
D:5:      layout_rooms, kennysheep_little_box, kennysheep_cross_bottleneck,
          uniq_ijyb
D:6:      layout_gridville, minmay_temple_entry_overgrown, hex_tiny,
          st_stairs_5, minmay_mini_ossuary, uniq_pikel
D:7:      layout_basic, chequers_temple_overflow_statue_of_worship
D:8:      layout_cave_pods, special_room [special_room_kobold]
D:9:      layout_irregular_city, enter_bailey_2
D:10:     layout_cross, slow_altar_2, dk_noncrumbling_2, uniq_fannar
D:11:     layout_rooms, lair_entry_dummy, orc_david_3,
          pdpol_wu_jian_five_deadly_venoms
D:12:     layout_stronghold, serial_shops, nicolae_stop_n_shop_2, uniq_rupert,
          uniq_maurice, uniq_sonja, uniq_azrael
D:13:     layout_irregular_city, minmay_librarian, uniq_josephine
D:14:     layout_roguey, david_vaults_4, serial_park_fountain, special_room
          [special_room_orc]
D:15:     grunt_enter_depths_giant_problem, layout_basic
Temple:   eino_temple_scatter_basement
Lair:1:   layout_cave_pods, minmay_stone_trees_small, grunt_megastairs_5
Lair:2:   layout_cave_pods, guppyfry_snake_entry_garden,
          chequers_serial_rivers_room_a, minmay_stone_trees_large,
          grunt_megastairs_1, uniq_gastronok
Lair:3:   layout_cave_pods, minmay_swamp_entry_reptiles,
          infiniplex_staircase_pool_2
Lair:4:   layout_roguey, basic_altar
Lair:5:   layout_big_grid, tgw_fedhas, grunt_megastairs_4
Lair:6:   cheibrodos_lair_end_hotspot, layout_hall_layers, slime_altar_1,
          lemuel_fruit_fields, infiniplex_staircase_pool
Swamp:1:  layout_falls_marsh, evilmike_swamp_ruin_wall
Snake:1:  layout_misc_corridors, uniq_donald
Snake:2:  layout_cave_town, hangedman_feature_mirror
Snake:3:  layout_cave_town, st_stairs_11, minmay_shoptagon, uniq_saint_roka
Snake:4:  grunt_snake_rune_spirals, layout_onion, serial_shops,
          nicolae_shop_waterfront
Orc:1:    layout_diamond_mine
Orc:2:    st_orc_town, layout_diamond_mine, serial_shops,
          nicolae_shop_waterfront, portal_ice_cave_entry_imps

Skill      XL: |  1  2  3  4  5  6  7  8  9 10 11 12 13 14 15 16 17 |
---------------+----------------------------------------------------+-----
Fighting       | 1 2 3 5 6 7 8 9 |  9.0
Bows           | 6 8 10 12 14 17 19 20 | 20.0
Invocations    | 2 4 6 8 10 12 13 | 13.0
Armour         | 8 10 11 13 15 | 15.0
Dodging        | 5 6 |  6.6
Evocations     | 5 8 10 12 | 12.7
Long Blades    | 2 7 10 | 10.6
Slings         | |  2.0
Throwing       | |  1.0
Stealth        | |  1.0

Action                   |  1- 3 |  4- 6 |  7- 9 | 10-12 | 13-15 | 16-18 || total
-------------------------+-------+-------+-------+-------+-------+-------++-------
Melee: Short sword       |    32 |    93 |    88 |    55 |       |       ||   268
       Kick              |     7 |    29 |    34 |    21 |     4 |       ||    95
       Peck              |     3 |    22 |    22 |     8 |     4 |       ||    59
       Shortbow          |       |       |     1 |       |       |       ||     1
       Punch             |       |       |     1 |       |       |       ||     1
       Scimitar          |       |       |       |       |    16 |       ||    16
 Fire: Shortbow          |    57 |    18 |    65 |       |       |       ||   140
       Longbow           |       |       |   152 |   319 |  1249 |   797 ||  2517
Invok: Heroism           |       |       |       |     4 |    14 |     3 ||    21
       Finesse           |       |       |       |     2 |     3 |       ||     5
Evoke: Wand              |       |       |       |    11 |     9 |     3 ||    23
  Use: Scroll            |       |     6 |     4 |     9 |    10 |     4 ||    33
       Potion            |       |     1 |     2 |     1 |     1 |       ||     5
 Stab: Sleeping          |     1 |       |       |       |       |       ||     1
Armor: Leather armour    |    22 |    34 |    28 |       |       |       ||    84
       Steam dragon scal |       |       |    44 |    10 |       |       ||    54
       Chain mail        |       |       |       |    46 |   107 |    51 ||   204
Dodge: Dodged            |    41 |    70 |   108 |   107 |   198 |    52 ||   576
       Repelled          |       |       |       |       |     8 |       ||     8
Block: Other             |       |       |       |       |    52 |    11 ||    63
       Reflection        |       |       |       |       |     8 |     3 ||    11

Table legend: (Time is in decaauts)
 A = Elapsed time spent in this place.
 B = Non-inter-level travel time spent in this place.
 C = Inter-level travel time spent in this place.
 D = Time resting spent in this place.
 E = Time spent auto-exploring this place.
 F = Levels seen in this place.
 G = Mean time per level.
                   A        B        C        D        E       F      G
               +--------+--------+--------+--------+--------+-----+--------+
         Total |  32880 |  31265 |   1615 |   1814 |  22635 |  31 | 1060.6 |
       Dungeon |  16818 |  16087 |    731 |    924 |  12067 |  15 | 1121.2 |
        Temple |    208 |    174 |     34 |      0 |    158 |   1 |  208.0 |
          Lair |   6829 |   6331 |    498 |    302 |   4876 |   6 | 1138.2 |
         Swamp |    149 |    149 |      0 |      0 |     98 |   1 |  149.0 |
     Snake Pit |   5087 |   4869 |    218 |    210 |   3572 |   4 | 1271.8 |
  Orcish Mines |   1447 |   1315 |    132 |      0 |    743 |   2 |  723.5 |
        Bailey |   1356 |   1356 |      0 |    212 |    759 |   1 | 1356.0 |
      Ice Cave |    985 |    985 |      0 |    166 |    359 |   1 |  985.0 |
               +--------+--------+--------+--------+--------+-----+--------+

Top non-repeatable levels by time:
    D:13: 2087 daAuts
 Snake:4: 1975 daAuts
  Lair:6: 1751 daAuts
     D:8: 1494 daAuts
    D:11: 1487 daAuts
  Lair:2: 1483 daAuts
     D:6: 1455 daAuts
  Bailey: 1356 daAuts
 Snake:3: 1322 daAuts
    D:14: 1267 daAuts
    D:12: 1266 daAuts
     D:7: 1155 daAuts
  Lair:5: 1105 daAuts
 Snake:2: 1067 daAuts
   IceCv: 985 daAuts
